 Dungeon Crawl Stone Soup version 0.30-a0-605-gb2882149bf (webtiles) character file.

Game seed: 1303867025345132784

329 sokol815 the Digger (level 6, -1/36 HPs)
             Began as an Octopode Earth Elementalist on Jan 7, 2023.
             Slain by Ijyb
             ... wielding a +0 club
              (3 damage)
             ... on level 4 of the Dungeon.
             The game lasted 00:06:25 (3216 turns).

sokol815 the Digger (Octopode Earth Elementalist)   Turns: 3216, Time: 00:06:25

Health: -1/36      AC:  1    Str:  7    XL:     6   Next: 50%
Magic:  20/20      EV: 13    Int: 20    God:
Gold:   236        SH:  5    Dex: 12    Spells: 8/12 levels left

rFire   . . .      SeeInvis .    a - +1 hand axe (vamp)
rCold   . . .      Faith    .    (no shield)
rNeg    . . .      Spirit   .    (helmet restricted)
rPois   .          Reflect  +    f - amulet of reflection
rElec   .          Harm     .    d - ring of magical power {MP+9}
rCorr   .          Rampage  .    n - ring of flight {+Fly, !d}
Will    .....                    (no ring)
Stlth   +++                      (no ring)
HPRegen 0.26/turn                (no ring)
MPRegen 0.17/turn                (no ring)
                                 (no ring)
                                 (no ring)

@: flying
A: almost no armour, amphibious, 8 rings, camouflage 1, gelatinous body 1,
(nimble swimmer 1), tentacles
a: no special abilities


You were on level 4 of the Dungeon.
You visited 1 branch of the dungeon, and saw 4 of its levels.

You collected 236 gold pieces.

Inventory:

Hand Weapons
 a - a +1 vampiric hand axe (weapon)
   (You found it on level 1 of the Dungeon)
Missiles
 b - 5 poisoned darts
 g - 2 silver boomerangs
 k - 5 boomerangs
 s - 34 stones
Armour
 j - a +1 kite shield
   (You found it on level 1 of the Dungeon)
Jewellery
 c - a ring of ice {rC+, rF-}
   (You found it on level 1 of the Dungeon)
 d - a ring of magical power (left tentacle) {MP+9}
   (You found it on level 2 of the Dungeon)
 f - an amulet of reflection (around mantle)
   (You found it on level 3 of the Dungeon)
 n - a ring of flight (right tentacle) {+Fly, !d}
   (You found it on level 4 of the Dungeon)
Wands
 q - a wand of flame (29)
   (You found it on level 3 of the Dungeon)
 y - a wand of mindburst (16)
   (You found it on level 2 of the Dungeon)
Scrolls
 i - a scroll of fog
 o - a scroll of enchant weapon {unknown}
 E - a scroll of fear
Potions
 e - a potion of lignification {unknown}
 h - 2 potions of cancellation {unknown}
 l - a potion of curing {unknown}
 m - 2 potions of heal wounds {unknown}
 L - 2 potions of flight
 M - a potion of magic


   Skills:
 - Level 2.0 Dodging
 - Level 2.6 Stealth
 + Level 3.6 Spellcasting
 + Level 2.9 Conjurations
 - Level 1.0 Transmutations
 + Level 5.2 Earth Magic


You had 8 spell levels left.
You knew the following spells:

 Your Spells              Type           Power      Damage    Failure   Level
a - Sandblast             Erth           48%        2d12      1%          1
x - Stone Arrow           Conj/Erth      40%        3d9       8%          3

Your spell library contained the following spells:

 Spells                   Type           Power      Damage    Failure   Level
 Passwall                 Tmut/Erth      13%        N/A       5%          2
 Wereblood                Tmut           7%         N/A       14%         2
 Cigotuvi's Dreadful Rot  Necr/Pois/Air  6%         N/A       21%         2
 Poisonous Vapours        Pois/Air       6%         N/A       21%         2
 Sublimation of Blood     Necr           3%         N/A       21%         2
 Mephitic Cloud           Conj/Pois/Air  7%         N/A       26%         3
 Petrify                  Tmut/Erth      16%        N/A       36%         4
 Summon Hydra             Summ           1%         N/A       100%        7


Dungeon Overview and Level Annotations

Branches:
Dungeon (4/15) Zot: 20741
 Temple: D:4-7

Altars:
Ru
Wu Jian
Yredelemnul

Shops:
D:3 ?   D:4 :!==

Annotations:
D:1 exclusion: downstairs
D:4 Ijyb, Menkaure


Innate Abilities, Weirdness & Mutations

You cannot wear most types of armour.
You are amphibious.
You can wear up to eight rings at the same time.
Your skin changes colour to match your surroundings (Stealth+).
Your rubbery body absorbs attacks. (AC +1, EV +1)
((You are camouflaged when in or above water. (Stealth+)))
You have tentacles for arms and can constrict up to eight enemies at once.


Message History

No target in view!
You now have 236 gold pieces (gained 14).
h - 2 viscous green potions (gained 1)
Found a stone staircase leading down.
MP restored: 20
s - 28 stones (gained 4)
i - a scroll of fog
Okay, then.
Things that are here:
a +0 dagger; an orc corpse As you open the door, it creaks loudly!
There is an open door here.
A kobold comes into view. It is wielding a +0 club.
The kobold shouts!
Menkaure, Prince of Dust comes into view.
You start waiting.
A kobold is nearby!
The blast of sand hits the kobold!!
You kill the kobold!
You now have 19/20 mp.
You start resting.
MP restored: 20 For a moment, you catch a glimpse of warriors who walked this path long ago.
There is an ornate altar of the Wu Jian Council here.
There is a stone staircase leading down here.
An adder comes into view.
You see here a ring of flight {+Fly, !d}.
n - a ring of flight {+Fly, !d} You fly up into the air.
n - a ring of flight (right tentacle) {+Fly, !d} The blast of sand hits the adder!
You kill the adder!
You now have 19/20 mp.
An endoplasm comes into view.
MP restored: 20 You see here 6 stones.
s - 34 stones (gained 6)
The endoplasm quivers.
The blast of sand hits the endoplasm.
You now have 19/20 mp.
You hit the endoplasm.
You kill the endoplasm!
o - a scroll labelled OGGEUZAEBU MP restored: 20 Blork the orc comes into view.
He is wielding a +0 short sword.
You see here 12 gold pieces.
No reachable target in view!
The blast of sand hits Blork the orc!
Blork the orc shouts!
Blork the orc gestures at you while chanting.
The magic dart hits you.
You take 4 damage, and have 32/36 hp.
You now have 19/20 mp.
The blast of sand hits Blork the orc!
Blork the orc points at you and mumbles some strange words.
The magic dart hits you!
You take 9 damage, and have 23/36 hp.
MASSIVE DAMAGE!!
You now have 18/20 mp.
The blast of sand hits Blork the orc!!
You kill Blork the orc!
Ijyb the Twisted Goblin comes into view.
She is wielding a +0 club and carrying a wand of paralysis (7).
You now have 17/20 mp.
You see here 12 gold pieces.
The blast of sand hits Ijyb.
The blast of sand hits Ijyb.
Ijyb barely misses you.
You now have 18/20 mp.
You barely miss Ijyb. You grab Ijyb. You squeeze Ijyb. You constrict Ijyb.
Ijyb zaps a wand.
You resist with some effort.
You hit Ijyb but do no damage. You squeeze Ijyb, but do no damage.
You constrict Ijyb, but do no damage. Ijyb hits you with a +0 club.
You take 3 damage, and have 24/36 hp.
Unknown command.
You barely miss Ijyb. You squeeze Ijyb, but do no damage.
You constrict Ijyb, but do no damage. Ijyb hits you with a +0 club. x2
You take 8 damage, and have 16/36 hp.
MASSIVE DAMAGE!!
You hit Ijyb but do no damage. You constrict Ijyb, but do no damage.
Ijyb misses you.
You hit Ijyb.
You feel better.
You squeeze Ijyb, but do no damage. You constrict Ijyb. Ijyb misses you.
You regained 4 hp, and now have 20/36 hp.
You hit Ijyb but do no damage. You constrict Ijyb, but do no damage.
Ijyb zaps a wand.
You suddenly lose the ability to move!
You lose your grip on Ijyb.
Ijyb hits you with a +0 club. Ijyb hits you with a +0 club. x2
* * * LOW HITPOINT WARNING * * *
Ijyb hits you with a +0 club.
* * * LOW HITPOINT WARNING * * *
You can move again.
You take 14 damage, and have 6/36 hp.
MASSIVE DAMAGE!!
MP restored: 20 Unknown command.
You hit Ijyb but do no damage. Your grab misses Ijyb.
Ijyb hits you with a +0 club.
* * * LOW HITPOINT WARNING * * *
Ijyb hits you with a +0 club.
You die...

..###############..#...##.
#...## #........... #.#..#
#.#...##+##. #.##.#
#.#..## #.##.# #....#
#.##.## #..#.# ..)...##
#..#.+ .##.#..## #.g#.#
.##.##..# #.@#.# .##.###.#
####..#g## .##.# #.##
#....##$.##+##.. .##.#
#..###....###...).g..
.##.####...#....#
##.......
.##......#.#....# .......
###.#.##.#.>....# .......
#Z###.##.##...[.# #######
###Z#..#.##.....#


You could see Ijyb.

Vanquished Creatures
  Blork the orc (D:4)
  A bullfrog (D:3)
  A howler monkey (D:3)
  A hound (D:4)
  4 gnolls (D:2)
  4 adders
  A dart slug (D:3)
  2 orcs
  5 endoplasms
  2 giant cockroaches
  6 goblins
  7 hobgoblins
  2 jackals (D:1)
  3 kobolds
  5 ball pythons
  3 bats
  3 frilled lizards
  5 rats
56 creatures vanquished.

Notes
Turn   | Place    | Note
-------+----------+-------------------------------------------
     0 | D:1      | sokol815 the Octopode Earth Elementalist began the quest
                  | for the Orb.
     0 | D:1      | Reached XP level 1. HP: 11/11 MP: 3/3
   258 | D:1      | Reached XP level 2. HP: 17/17 MP: 1/5
   928 | D:2      | Reached skill level 4 in Earth Magic
  1059 | D:2      | Reached XP level 3. HP: 21/21 MP: 3/6
  1063 | D:2      | Learned a level 3 spell: Stone Arrow
  1161 | D:2      | HP: 1/21 [gnoll/+0 spear (6)]
  1304 | D:2      | Reached XP level 4. HP: 27/27 MP: 5/7
  1325 | D:2      | Reached skill level 1 in Conjurations
  1935 | D:3      | Found a sacrificial altar of Ru.
  2033 | D:3      | Found Radynnoth's Magic Scroll Shop.
  2145 | D:3      | Found a faded altar of an unknown god.
  2155 | D:3      | Reached XP level 5. HP: 29/31 MP: 9/9
  2213 | D:3      | Found a basalt altar of Yredelemnul.
  2593 | D:3      | Reached skill level 3 in Spellcasting
  2593 | D:3      | Reached skill level 2 in Conjurations
  2756 | D:4      | Found Qimiezxo's Jewellery Shoppe.
  2757 | D:4      | Found Xegud's Jewellery Shoppe.
  2759 | D:4      | Found Ohaezyin's Book Shoppe.
  2759 | D:4      | Found Keni Uti's Distillery.
  2766 | D:4      | Reached skill level 5 in Earth Magic
  2802 | D:4      | Reached XP level 6. HP: 29/36 MP: 11/11
  2911 | D:4      | Found an ornate altar of the Wu Jian Council.
  2986 | D:4      | Noticed Menkaure
  3115 | D:4      | Noticed a spectral centipede
  3115 | D:4      | Noticed a spectral black mamba
  3115 | D:4      | Noticed a spectral cane toad
  3186 | D:4      | Noticed Blork the orc
  3190 | D:4      | Killed Blork the orc
  3190 | D:4      | Noticed Ijyb
  3211 | D:4      | Paralysed by Ijyb for 5 turns
  3215 | D:4      | HP: 6/36 [Ijyb/+0 club (4)]
  3216 | D:4      | HP: 2/36 [Ijyb/+0 club (4)]
  3216 | D:4      | Slain by Ijyb

Illustrated notes

Levels and vault maps discovered:
D:1:      amcnicky_arrival_flooded_fountain, layout_basic, dk_noncrumbling_4,
          minmay_misc_feat_alley, dreamdust_princess_bridge,
          hangedman_abyss_or_decor_lesser_grid, chequers_serial_rivers_room_a
D:2:      layout_loops_cross, corexii_leaking_fountain
D:3:      layout_basic, mainiacjoe_overflow_six_doors_small, lemuel_round_altar,
          dreamdust_ecumenical_altar_angels_and_demons, serial_shops, shop,
          eino_tiny_chamber, minmay_misc_feat_doors, grunt_ministairs_15
D:4:      layout_basic, pdpol_wu_jian_five_deadly_venoms,
          minmay_shop_grid_forest, minmay_box_of_dots, uniq_blork_the_orc,
          uniq_ijyb, uniq_menkaure

Skill      XL: |  1  2  3  4  5 |
---------------+----------------+-----
Earth Magic    | 4 5 |  5.2
Conjurations   | 1 2 |  2.9
Spellcasting   | 3 |  3.6
Dodging        | |  2.0
Stealth        | |  2.6
Transmutations | |  1.0

Action                   |  1- 3 |  4- 6 || total
-------------------------+-------+-------++-------
Melee: Hand axe          |     7 |    70 ||    77
       Constrict         |     4 |    11 ||    15
       Tentacles         |     2 |    15 ||    17
       Punch             |     1 |       ||     1
 Cast: Sandblast         |    23 |    13 ||    36
  Use: Scroll            |       |     7 ||     7
 Stab: Sleeping          |       |    13 ||    13
Armor: Skin              |       |     1 ||     1
Dodge: Dodged            |     9 |    42 ||    51
Block: Other             |       |     4 ||     4

Table legend: (Time is in decaauts)
 A = Elapsed time spent in this place.
 B = Non-inter-level travel time spent in this place.
 C = Inter-level travel time spent in this place.
 D = Time resting spent in this place.
 E = Time spent auto-exploring this place.
 F = Levels seen in this place.
 G = Mean time per level.
                   A        B        C        D        E       F      G
               +--------+--------+--------+--------+--------+-----+--------+
         Total |   3256 |   3112 |    144 |    212 |   2455 |   4 |  814.0 |
       Dungeon |   3256 |   3112 |    144 |    212 |   2455 |   4 |  814.0 |
               +--------+--------+--------+--------+--------+-----+--------+

Top non-repeatable levels by time:
     D:1: 1100 daAuts
     D:3: 927 daAuts
     D:2: 758 daAuts
     D:4: 470 daAuts

Table legend:
 A = Kills in this place as a percentage of kills in entire the game.
 B = Kills by you in this place as a percentage of kills by you in the entire game.
 C = Kills by friends in this place as a percentage of kills by friends in the entire game.
 D = Other kills in this place as a percentage of other kills in the entire game.
 E = Experience gained in this place as a percentage of experience gained in the entire game.
 F = Experience gained in this place divided by the number of levels of this place that you have seen.
                   A       B       C       D       E      F
               +-------+-------+-------+-------+-------+----------------------
         Total | 100.0 | 100.0 |   N/A |   N/A | 100.0 | 117.5
       Dungeon | 100.0 | 100.0 |   N/A |   N/A | 100.0 | 117.5
               +-------+-------+-------+-------+-------+----------------------
